 Dungeon Crawl Stone Soup version 0.25-a0-294-gea9b1ad378 (webtiles) character file.

Game seed: 17936777300667672681, levelgen mode: deterministic

283 vishdafish the Skirmisher (level 6, -2/72 HPs)
             Began as a Demonspawn Berserker on Dec 17, 2019.
             Was a Priest of Trog.
             Slain by an iguana (3 damage)
             ... on level 3 of the Dungeon.
             The game lasted 00:04:38 (3631 turns).

vishdafish the Skirmisher (Demonspawn Berserker)    Turns: 3631, Time: 00:04:38

Health: -2/72      AC: 15    Str: 22    XL:     6   Next: 7%
Magic:  6/6        EV:  2    Int:  8    God:    Trog [***...]
Gold:   167        SH:  0    Dex: 15    Spells: 5/5 levels left

rFire    + . .     SeeInvis .   a - +0 hand axe
rCold    . . .     Gourm    .   (no shield)
rNeg     + + +     Faith    .   (armour currently unavailable)
rPois    +         Spirit   .   (helmet currently unavailable)
rElec    .         Reflect  .   (cloak currently unavailable)
rCorr    .         Harm     .   (gloves currently unavailable)
MR       .....     NoTele   +   (boots currently unavailable)
Stlth    ..........             (no amulet)
HPRegen  0.22/turn              f - ring of attention (curse)
MPRegen  0.10/turn              m - ring of protection from fire

@: mighty, tree-form, corroded, berserk cooldown, slowed, very slow
A: powered by pain 1
a: Berserk, Trog's Hand, Renounce Religion


You were on level 3 of the Dungeon.
You worshipped Trog.
Trog was most pleased with you.
You were very hungry.
You were a tree.
You visited 1 branch of the dungeon, and saw 4 of its levels.

You collected 167 gold pieces.

Inventory:

Hand Weapons
 a - a +0 hand axe (weapon)
Missiles
 k - 2 throwing nets (quivered)
Armour
 b - a +0 animal skin
 q - a +0 helmet (melded)
 r - a +0 chain mail (melded)
Jewellery
 f - a cursed ring of attention (left branch)
 m - a ring of protection from fire (right branch)
Wands
 s - a wand of iceblast (4)
Scrolls
 d - 3 scrolls of remove curse {unknown}
 e - a scroll of fear {unknown}
 h - 3 scrolls of enchant weapon {unknown}
 j - a scroll of amnesia {unknown}
 l - a scroll of enchant armour {unknown}
 n - 2 scrolls of identify {unknown}
 o - a scroll of magic mapping {unknown}
Potions
 g - 2 potions of flight {unknown}
 i - 4 potions of lignification
 p - a potion of invisibility {unknown}
 u - a potion of degeneration {unknown}
 v - a potion of brilliance {unknown}
Comestibles
 c - 14 rations


   Skills:
 + Level 4.2 Fighting
 * Level 4.1 Axes
 + Level 3.1 Armour
 + Level 3.0 Dodging


You had 5 spell levels left.
You didn't know any spells.
Your spell library was empty.

Dungeon Overview and Level Annotations

Branches:
Dungeon (4/15)
 Temple: D:4-7

Altars:


Innate Abilities, Weirdness & Mutations

((You are partially covered in slimy green scales. (AC +2)))
You sometimes gain a little power by taking damage.


Message History

The hound bites you.
* * * LOW HITPOINT WARNING * * *
You climb upwards.
There is a stone staircase leading down here.
Unknown command.
You hit the hound.
The hound is severely wounded.
You hit the iguana.
You are no longer berserk.
You are exhausted.
You feel yourself slow down. The hound bites you.
* * * LOW HITPOINT WARNING * * *
The iguana bites you.
* * * LOW HITPOINT WARNING * * *
It was a potion of lignification.
You turn into a tree.
Your +0 helmet melds into your body.
Your +0 chain mail melds into your body.
Your roots penetrate the ground.
The hound barely misses you. The iguana bites you.
You die...

# ################ ##
#..............# ###
.######.############.######.##
#.......# #######.........#
.....#### #.l♣h.......##.##
####.# #.#########.##.# # #.# #.#
#.##.# # #.# #.# #.##.# # #.# #.#
#.##.## # ##.#########.##
#####.#...####
###.............####.......#....#
.....#########...(((.(.).#...##.#
####.# #####...###.######......


You could see an iguana and a hound.

Vanquished Creatures
  Purgy (D:4)
  A jelly (D:4)
  Robin (D:2)
  3 adders (D:2)
  An ooze (D:2)
  3 worms
  2 dart slugs
  6 leopard geckos
  4 orcs
  7 bats
  11 giant cockroaches
  14 goblins
  5 hobgoblins
  6 jackals
  9 kobolds
  A quokka (D:2)
  A ball python (D:1)
  6 frilled lizards
  8 rats
90 creatures vanquished.

Notes
Turn   | Place    | Note
-------+----------+-------------------------------------------
     0 | D:1      | vishdafish the Demonspawn Berserker began the quest for the
                  | Orb.
     0 | D:1      | Reached XP level 1. HP: 18/18 MP: 1/1
    42 | D:1      | Gained mutation: You sometimes gain a little power by
                  | taking damage. [demonic ancestry]
    42 | D:1      | Reached XP level 2. HP: 24/24 MP: 2/2
   600 | D:1      | Reached XP level 3. HP: 25/29 MP: 3/3
   629 | D:1      | Reached ** piety under Trog
  1718 | D:2      | Noticed Robin
  1729 | D:2      | Gained mutation: You are partially covered in slimy green
                  | scales. (AC +2) [demonic ancestry]
  1729 | D:2      | Reached XP level 4. HP: 37/37 MP: 4/4
  1765 | D:2      | Killed Robin
  3152 | D:3      | Reached XP level 5. HP: 32/42 MP: 5/5
  3596 | D:4      | Noticed Purgy
  3599 | D:4      | Killed Purgy
  3599 | D:4      | Reached *** piety under Trog
  3623 | D:4      | Reached XP level 6. HP: 39/48 MP: 6/6
  3630 | D:3      | HP: 1/48 [iguana (5)]
  3631 | D:3      | Slain by an iguana

Levels and vault maps discovered:
D:1:      giann_horns, layout_basic, serial_curves, eino_curves_04,
          eino_curves_03, hangedman_abyss_or_decor_lesser_grid
D:2:      layout_loops_cross, serial_rivers, chequers_serial_rivers_small_a,
          chequers_serial_rivers_room_a, chequers_serial_rivers_micro_d,
          chequers_serial_rivers_room_b, first_ration, minmay_misc_feat_encased,
          uniq_robin
D:3:      minmay_roachtagon, layout_loops_ring
D:4:      layout_cave_pools, minmay_temple_entry_overgrown, uniq_purgy,
          uniq_crazy_yiuf_cottage

Skill      XL: |  1  2  3  4  5 |
---------------+----------------+-----
Axes           | 3 4 |  4.1
Armour         | 2 3 |  3.1
Dodging        | 2 3 |  3.0
Fighting       | 4 |  4.2

Action                   |  1- 3 |  4- 6 || total
-------------------------+-------+-------++-------
Melee: Hand axe          |   112 |   147 ||   259
Invok: Berserk           |     3 |     2 ||     5
Evoke: Wand              |       |     3 ||     3
  Use: Potion            |       |     3 ||     3
 Stab: Sleeping          |     1 |       ||     1
  Eat: Chunk             |     3 |     6 ||     9
       Ration            |     1 |       ||     1
Armor: Animal skin       |    16 |    32 ||    48
       Chain mail        |       |    48 ||    48
Dodge: Dodged            |    77 |   127 ||   204

Table legend:
 A = Non-vault XP
 B = Vault XP
 C = Vault XP percentage of total XP
 D = Non-vault monster count
 E = Vault monster count
 F = Vault count percentage of total count
                 A         B        C        D         E       F
            +---------+---------+-------+---------+---------+-------
      Total |     219 |     186 |  45.9 |      69 |      21 |  23.3
            +---------+---------+-------+---------+---------+-------
        D:1 |      55 |       0 |   0.0 |      31 |       0 |   0.0
        D:2 |      96 |      36 |  27.3 |      26 |      12 |  31.6
        D:3 |      15 |      16 |  51.6 |       7 |       8 |  53.3
        D:4 |      53 |     134 |  71.7 |       5 |       1 |  16.7
            +---------+---------+-------+---------+---------+-------
